 Dungeon Crawl Stone Soup version 0.19.0-2-gae57169 (webtiles) character file.

1815 Chiseanne the Sneak (level 9, -8/62 HPs)
             Began as an Octopode Warper on Nov 5, 2016.
             Was an Initiate of Gozag.
             Killed from afar by an orc wizard (9 damage)
             ... with a puff of frost
             ... on level 6 of the Dungeon.
             The game lasted 00:24:14 (7502 turns).

Chiseanne the Sneak (Octopode Warper)               Turns: 7502, Time: 00:24:14

Health: -8/62      AC:  1    Str: 11    XL:     9   Next: 10%
Magic:  17/17      EV: 16    Int: 17    God:    Gozag
Gold:   541        SH:  0    Dex: 14    Spells: 4 memorised, 9 levels left

rFire  . . .     SeeInvis .     a - +5 spear
rCold  . . .     Gourm    .     (no shield)
rNeg   . . .     Faith    .     (helmet restricted)
rPois  .         Spirit   .     (no amulet)
rElec  .         Reflect  .     s - +2 ring of intelligence
rCorr  .         Harm     .     r - ring of stealth
MR     .....                    (no ring)
Stlth  +++++.....               (no ring)
                                (no ring)
                                (no ring)
                                (no ring)
                                (no ring)

@: shrouded (expiring), gold aura
A: almost no armour, stealthy swim, amphibious, 8 rings, constrict 8, camouflage
1, gelatinous body 1
a: Potion Petition, Call Merchant, Bribe Branch, Renounce Religion


You were on level 6 of the Dungeon.
You worshipped Gozag.
Gozag was pleased with you.
You were not hungry.

You visited 2 branches of the dungeon, and saw 8 of its levels.

You collected 693 gold pieces.
You paid 152 gold pieces to Gozag.

Inventory:

Hand Weapons
 a - a +5 spear (weapon)
 u - a +2 short sword of electrocution
 w - a +0 blowgun
Missiles
 d - 2 tomahawks of dispersal
 g - 75 arrows
 k - 22 poisoned needles
 l - 153 stones (quivered)
 n - 94 bolts
 q - 11 tomahawks
 y - 24 sling bullets
Jewellery
 i - a +1 ring of evasion {unknown}
 r - a ring of stealth (right tentacle)
 s - a +2 ring of intelligence (left tentacle)
 C - an uncursed ring of magical power {unknown}
Wands
 e - a wand of disintegration (17/24)
 B - a wand of slowing (27/48)
Scrolls
 c - a scroll of blinking
 o - a scroll of teleportation
 p - 4 scrolls of enchant weapon
 t - 3 scrolls of remove curse
 A - a scroll of magic mapping
Potions
 h - a potion of ambrosia
 j - 3 potions of lignification
 x - a potion of curing {unknown}
 z - a potion of haste
Books
 b - a book of Spatial Translocations

   Spells                             Type                      Level
   a - Blink                          Translocation                2
   b - Shroud of Golubria             Charms/Translocation         2
   c - Lesser Beckoning               Translocation                3
   d - Portal Projectile              Translocation                3
   e - Teleport Other                 Translocation                3
   f - Passage of Golubria            Translocation                4
Comestibles
 f - 7 bread rations
 m - 2 meat rations


   Skills:
 * Level 6.1 Fighting
 - Level 2.0 Short Blades
 - Level 1.0 Throwing
 * Level 5.9 Dodging
 - Level 6.5 Stealth
 * Level 5.5 Spellcasting
 * Level 4.5 Translocations


You had 9 spell levels left.
You knew the following spells:

 Your Spells              Type           Power        Failure   Level  Hunger
a - Shroud of Golubria    Chrm/Tloc      ##........   10%         2    #......
b - Blink                 Tloc           N/A          3%          2    #......
c - Lesser Beckoning      Tloc           ###.......   10%         3    ##.....
d - Teleport Other        Tloc           ###.....     10%         3    ##.....


Dungeon Overview and Level Annotations

Branches:
Dungeon (7/15)             Temple (1/1) D:6

Altars:
Ashenzari
Cheibriados
Dithmenos
Elyvilon
Fedhas
Gozag
Hepliaklqana
Kikubaaqudgha
Nemelex Xobeh
Okawaru
Qazlal
Ru
Sif Muna
Trog
Vehumet
Xom
Yredelemnul
Zin
The Shining One


Innate Abilities, Weirdness & Mutations

You cannot wear most types of armour.
You are very stealthy in the water. (Stealth+)
You are amphibious.
You can wear up to eight rings at the same time.
You can use your tentacles to constrict eight enemies at once.
Your skin changes colour to match your surroundings (Stealth+).
Your rubbery body absorbs attacks. (AC +1, EV +1)


Message History

The orc wizard closely misses you.
The orc wizard gestures at you while chanting.
The puff of flame misses you.
You hit the orc wizard. You grab the orc wizard.
The orc wizard is moderately wounded.
You constrict the orc wizard.
The orc wizard is distracted by the nearby gold.
You strike the helpless orc wizard from behind!
You hit the orc wizard.
The orc wizard is no longer distracted by gold.
You squeeze the orc wizard.
The orc wizard is severely wounded.
You constrict the orc wizard, but do no damage.
The orc wizard gestures at you while chanting.
The magic dart hits you!
* * * LOW HITPOINT WARNING * * *
The orc wizard gestures at you while chanting.
The puff of frost hits you!
You die...
Your body crumbles into a pile of gold.

.......................>.........
....................[...........<
............(....................
.................................
...........(.....................
#..........(.(...................
##............(((.......[........
###.........(.o.....#######...##
##........(.$@.$..# #...##
##.............$.# ##..##
##.............$># #...#
##..######........# ##..# ###..##
####.....# #..# ##....# #.....##
###... ......# #......# ####.....
...#..# #......###........
####..# #...........####..


You could see an orc wizard.

Vanquished Creatures
  Sigmund (D:3)
  Edmund (D:4)
  A sky beast (D:6)
  A phantom (D:4)
  An ogre (D:4)
  2 centaurs
  3 scorpions
  A centaur zombie (D:6)
  3 jellies
  A bullfrog skeleton (D:5)
  5 orc priests
  11 orc wizards
  6 worker ants
  A howler monkey zombie (D:6)
  2 worker ant zombies
  3 gnolls (D:6)
  3 adders
  A shadow imp (D:6)
  An ooze (D:1)
  6 worms
  4 dart slugs
  7 leopard geckos
  15 orcs
  4 bats
  9 giant cockroaches
  4 goblins
  7 hobgoblins
  9 jackals
  4 quokkas
  3 frilled lizards
  7 kobolds
  A leopard gecko skeleton (D:5)
  2 quokka skeletons
  8 rats
138 creatures vanquished.

Notes
Turn   | Place    | Note
-------+----------+-------------------------------------------
     0 | D:1      | Chiseanne the Octopode Warper began the quest for the Orb.
     0 | D:1      | Reached XP level 1. HP: 14/14 MP: 3/3
   115 | D:1      | Reached skill level 1 in Stealth
   123 | D:1      | Reached XP level 2. HP: 19/19 MP: 5/5
   694 | D:2      | Reached XP level 3. HP: 25/25 MP: 6/6
   924 | D:2      | Found an iron altar of Okawaru.
  1458 | D:3      | Reached XP level 4. HP: 30/30 MP: 7/7
  1655 | D:3      | Noticed Sigmund
  1672 | D:3      | Killed Sigmund
  1672 | D:3      | Reached XP level 5. HP: 21/36 MP: 7/9
  1672 | D:3      | Reached XP level 6. HP: 25/42 MP: 7/10
  2707 | D:4      | Noticed a phantom
  2909 | D:4      | Found a sacrificial altar of Ru.
  2968 | D:4      | Learned a level 2 spell: Shroud of Golubria
  2971 | D:4      | Learned a level 2 spell: Blink
  2975 | D:4      | Learned a level 3 spell: Lesser Beckoning
  2979 | D:4      | Learned a level 3 spell: Teleport Other
  2994 | D:4      | Reached XP level 7. HP: 33/48 MP: 10/12
  3140 | D:4      | Found a basalt altar of Yredelemnul.
  3163 | D:4      | Reached skill level 5 in Stealth
  3569 | D:4      | Noticed Edmund
  3617 | D:4      | Killed Edmund
  4014 | D:4      | Found a deep blue altar of Sif Muna.
  4015 | D:4      | Found a sparkling altar of Nemelex Xobeh.
  4015 | D:4      | Found a hazy altar of Hepliaklqana.
  4015 | D:4      | Found a radiant altar of Vehumet.
  4016 | D:4      | Found a white marble altar of Elyvilon.
  4020 | D:4      | Found a snail-covered altar of Cheibriados.
  4045 | D:5      | Entered Level 5 of the Dungeon
  4698 | D:5      | Reached XP level 8. HP: 20/54 MP: 11/14
  4922 | D:5      | Reached skill level 5 in Fighting
  5102 | D:5      | Reached skill level 5 in Dodging
  5618 | D:6      | Found a staircase to the Ecumenical Temple.
  5645 | Temple   | Entered the Ecumenical Temple
  5753 | Temple   | Became a worshipper of Gozag Ym Sagoz the Greedy
  5974 | D:6      | Found a glowing golden altar of the Shining One.
  6088 | D:6      | Reached skill level 5 in Spellcasting
  6853 | D:6      | Found a bloodstained altar of Trog.
  7030 | D:6      | Reached XP level 9. HP: 39/62 MP: 14/17
  7502 | D:6      | HP: 1/62 [orc wizard/magic dart (9)]
  7502 | D:6      | Killed from afar by an orc wizard

Skill      XL: |  1  2  3  4  5  6  7  8  9 |
---------------+----------------------------+-----
Stealth        | 1 2 3 4 6 |  6.5
Dodging        | 3 4 5 |  5.9
Fighting       | 3 4 5 6 |  6.1
Spellcasting   | 3 4 5 |  5.5
Translocations | 4 |  4.5
Short Blades   | |  2.0
Throwing       | |  1.0

Action                   |  1- 3 |  4- 6 |  7- 9 || total
-------------------------+-------+-------+-------++-------
Melee: Short sword       |    74 |    69 |       ||   143
       Constrict         |    15 |    20 |    45 ||    80
       Tentacles         |     8 |    12 |    32 ||    52
       Spear             |       |    14 |   206 ||   220
       Falchion          |       |     1 |       ||     1
 Fire: Blowgun           |       |       |    56 ||    56
Throw: Tomahawk          |       |     3 |     9 ||    12
       Stone             |       |     1 |     1 ||     2
 Cast: Shroud of Golubri |       |     1 |    19 ||    20
       Blink             |       |       |     1 ||     1
Evoke: Wand              |       |       |     1 ||     1
  Use: Scroll            |     3 |     5 |     9 ||    17
       Potion            |       |     1 |       ||     1
 Stab: Sleeping          |     9 |     7 |    11 ||    27
       Distracted        |     1 |       |     1 ||     2
  Eat: Chunk             |     2 |     4 |     8 ||    14
       Beef jerky        |       |       |     1 ||     1
       Fruit             |       |       |     4 ||     4
       Royal jelly       |       |       |     1 ||     1
Armor: Skin              |     3 |     2 |     5 ||    10
Dodge: Dodged            |    34 |    62 |   142 ||   238
